 Dungeon Crawl Stone Soup version 0.14-a0-1663-g0b35444 (webtiles) character file.

26 4tharraofdagon the Firebug (level 2, -1/24 HPs)
             Began as a Naga Fire Elementalist on Dec 30, 2013.
             Slain by a hobgoblin
             ... wielding a +0,+0 club
              (5 damage)
             ... on Level 2 of the Dungeon.
             The game lasted 00:00:54 (98 turns).

4tharraofdagon the Firebug (Naga Fire Elementalist)   Turns: 98, Time: 00:00:54

HP  -1/24        AC  1     Str 10      XL: 2   Next: 41%
MP   0/3         EV 10     Int 15      God:
Gold 12          SH  0     Dex 11      Spells:  1 memorised,  4 levels left

rFire  . . .     SeeInvis +     e - +1,+2 dwarf dagger (venom)
rCold  . . .     Clarity  .     a - +0 robe
rNeg   . . .     Conserve .     (no shield)
rPois  +         rCorr    .     (no helmet)
rElec  .         rRot     .     (no cloak)
SustAb . .       Spirit   .     (no gloves)
rMut   .         Warding  .     (no barding)
Saprov . . .     Stasis   .     (no amulet)
                                (no ring)
                                (no ring)

@: flying, very slightly contaminated, very slow, slightly resistant to hostile
enchantments, stealthy
A: spit poison, see invisible, deformed body, low mp 1, poison resistance,
robust 1, slowness 2, wild magic 1
a: Spit Poison


You were on level 2 of the Dungeon.
You were not hungry.

You visited 1 branch of the dungeon, and saw 2 of its levels.

You collected 12 gold pieces.

Inventory:

Hand weapons
 e - a +1,+2 dwarven dagger of venom (weapon)
Armour
 a - a +0 robe (worn)
Comestibles
 c - a bread ration
Scrolls
 f - a scroll of enchant weapon I
Books
 b - a book of Flames

   Spells                             Type                      Level
   *Flame Tongue                      Conjuration/Fire             1
   Throw Flame                        Conjuration/Fire             2
   Conjure Flame                      Conjuration/Fire             3
   Inner Flame                        Hexes/Fire                   3
   Sticky Flame                       Conjuration/Fire             4
   Fireball                           Conjuration/Fire             5


   Skills:
 - Level 1.5 Dodging
 - Level 3.0 Stealth
 + Level 2.0 Spellcasting
 * Level 1.6 Conjurations
 * Level 3.4 Fire Magic


You had 4 spell levels left.
You knew the following spells:

 Your Spells              Type           Power        Failure   Level  Hunger
a - Flame Tongue          Conj/Fire      ##...        19%         1    #......


Dungeon Overview and Level Annotations

Branches:
Dungeon (2/16)

Altars:


Innate Abilities, Weirdness & Mutations

You cannot wear boots.
You can spit poison.
You have supernaturally acute eyesight.
Armour fits poorly on your strangely shaped body.
Your system is resistant to poisons.
You cover ground very slowly.
Your magical capacity is low (-10% MP).
You are robust (+10% HP).
Your spells are a little harder to cast, but a little more powerful.


Message History

You miscast Flame Tongue.
You are very lightly contaminated with residual magic.
Your skin tingles.
The hobgoblin closely misses you.
You have got your breath back.
You see here a smoky brown potion.
g - a smoky brown potion The hobgoblin closely misses you.
Drink which item? (? for menu, Esc to quit)
You feel very buoyant.
You fly up into the air.
It was a potion of flight.
The hobgoblin hits you with a club.
* * * LOW HITPOINT WARNING * * *
Unknown command.
Unknown command.
Read which item? (? for menu, Esc to quit)
As you read the scroll labeled REZIEPSUPE, it crumbles to dust.
Use on which item? (\ to view known items) (? for menu, Esc to quit)
f - a scroll of enchant weapon I It was a scroll of identify.
The hobgoblin hits you with a club.
You die...

#....(.........
#....#....#...
####....#...!#...
...................
.###...##.####### .
##......########..
.........K......S...
###......##g...####
#...##.##@...# #.$.
#.##...## ...#
...##### .. ... #...
##.. .


You could see an adder (wandering) and a hobgoblin.

Vanquished Creatures
  An adder (D:2)
  A giant cockroach (D:1)
  2 hobgoblins
  A quokka (D:2)
  A goblin (D:2)
6 creatures vanquished.

Notes
Turn   | Place    | Note
--------------------------------------------------------------
     0 | D:1      | 4tharraofdagon, the Naga Fire Elementalist, began the quest for the Orb.
     0 | D:1      | Reached XP level 1. HP: 15/15 MP: 3/3
    40 | D:2      | Reached XP level 2. HP: 17/22 MP: 2/4
    85 | D:2      | Gained mutation: You are robust (+10% HP). [potion of mutation]
    85 | D:2      | Gained mutation: Your spells are a little harder to cast, but a little more powerful. [potion of mutation]
    85 | D:2      | Gained mutation: Your magical capacity is low (-10% MP). [potion of mutation]
    98 | D:2      | Slain by a hobgoblin

Action                   || total
-------------------------++-------
Melee: Dagger            ||     7
 Cast: Flame Tongue      ||     7
 Abil: Spit Poison       ||     5
  Use: Potion            ||     2
       Scroll            ||     1
